 Dungeon Crawl Stone Soup version 0.19-a0-905-ge5e6a15 (webtiles) character file.

10041 Lessnames the Basher (level 11, -4/97 HPs)
             Began as a Demigod Fighter on July 5, 2016.
             Killed from afar by Nergalle (34 damage)
             ... with a bolt of negative energy
             ... on level 1 of the Lair of Beasts.
             The game lasted 00:24:40 (10608 turns).

Lessnames the Basher (Demigod Fighter)             Turns: 10608, Time: 00:24:40

Health: -4/97      AC: 10    Str: 19    XL:     11   Next: 10%
Magic:  14/14      EV:  7    Int: 14    God:
Gold:   644        SH:  9    Dex: 21    Spells: 0 memorised, 10 levels left

rFire  + . .     SeeInvis +     J - +9 flail of Armageddon {vamp, +Inv +Fly rPois MR-}
rCold  . . .     Gourm    .     g - +3 ring mail {rF+}
rNeg   . . .     Faith    .     c - +0 shield
rPois  +         Spirit   .     (no helmet)
rElec  .         Dismiss  .     F - +0 cloak
rCorr  .         Reflect  .     o - +0 pair of gloves
SustAt +         Harm     .     (no boots)
MR     .....     Rnd*Rage +     (no amulet)
Stlth  ++........               (no ring)
                                y - ring of see invisible

@: heavily drained, not resistant to hostile enchantments, unstealthy
A: thin skeletal structure 1, berserk 1, blink, clever 1, high mp 1, weak 1,
sustain attributes
a: Blink, Evoke Invisibility, Evoke Flight


You were on level 1 of the Lair of Beasts.
You were not hungry.

You visited 2 branches of the dungeon, and saw 11 of its levels.
You also visited: Volcano.

You collected 644 gold pieces.

Inventory:

Hand Weapons
 J - the +9 flail of Armageddon (weapon) {vamp, +Inv +Fly rPois MR-}
   (You found it on level 6 of the Dungeon)

   It inflicts no extra harm, but heals its wielder somewhat when it strikes a
   living foe.
   It protects you from poison.
   It affects your resistance to hostile enchantments.
   It lets you turn invisible.
   It lets you fly.
 Q - a cursed -2 blowgun
Missiles
 e - 6 javelins
 t - 2 needles of confusion
 z - 15 tomahawks (quivered)
 G - 52 poisoned needles
 L - 2 throwing nets
Armour
 c - a +0 shield (worn)
 g - a +3 ring mail of fire resistance (worn)
 o - a +0 pair of gloves (worn)
 F - a +0 cloak (worn)
 R - a +1 plate armour
Jewellery
 v - an uncursed ring of fire
 y - a ring of see invisible (left hand)
 I - an uncursed ring of flight {unknown}
Wands
 A - a wand of digging (10/24)
 E - a wand of lightning (0/15)
 H - a wand of paralysis (0/24)
 K - a wand of iceblast (0/15)
 O - a wand of iceblast (4/15)
Scrolls
 a - 2 scrolls of teleportation
 i - a scroll of amnesia
 n - 9 scrolls of remove curse
 w - a scroll of immolation
 D - 2 scrolls of fear
 N - a scroll of enchant armour
Potions
 d - 2 potions of might
 j - 3 potions of agility
 k - 4 potions of curing
 l - a potion of cure mutation {unknown}
 m - a potion of invisibility {unknown}
 p - a potion of lignification {unknown}
 q - 3 potions of berserk rage
 s - a potion of magic {unknown}
 u - a potion of resistance
 B - 2 potions of flight
 C - 3 potions of brilliance {unknown}
 M - a potion of cancellation
Comestibles
 b - 9 chunks of flesh
 f - 6 bread rations
 h - 8 beef jerkies
 r - 8 fruits
 x - 2 meat rations


   Skills:
 + Level 9.4(6.5) Fighting
 * Level 12.6(9.4) Maces & Flails
   Level 3.0(0.6) Polearms
 - Level 2.6(0.2) Armour
 + Level 4.5(2.0) Shields


You had 10 spell levels left.
You didn't know any spells.

Dungeon Overview and Level Annotations

Branches:
Dungeon (9/15)             Temple (0/1) D:7            Lair (2/6) D:9
  Swamp: Lair:2-4    Shoals: Lair:2-4     Snake: Lair:2-4    Spider: Lair:2-4
    Orc: D:9-12

Shops:
D:4 [   D:9 :

Annotations:
Lair:1 Nergalle


Innate Abilities, Weirdness & Mutations

You have an increased reservoir of magic. (+10% MP)
Your attributes are resistant to harm.
You have a somewhat thin skeletal structure. (Dex +2, Stealth)
You tend to lose your temper in combat.
You can translocate small distances at will.
Your mind is acute. (Int +2)
You are weak. (Str -2)


Message History

The bolt of negative energy hits you!
You feel drained.
* * * LOW HITPOINT WARNING * * *
The spectral orc warrior hits you but does no damage.
The blink frog blinks!
You block the spectral orc warrior's attack.
There is an open door here.
The spectral orc warrior disappears in a puff of smoke!
Nergalle casts a spell at something.
Nergalle points at the spectral orc warrior and mumbles some strange words.
You barely miss Nergalle.
Nergalle is almost dead.
Nergalle hits you but does no damage.
You closely miss Nergalle.
Nergalle is almost dead.
Nergalle barely misses you.
You hit Nergalle.
Nergalle is almost dead.
Nergalle gestures at you while chanting.
The bolt of negative energy hits you!
You feel drained.
You die...

)..##....†..# ##.......##
#####P.Z##### #..#..P##.#
##......## #..†..#####
#####......### ##.†##.#
###...'......F.## ##Z..####
#.#..##......#..###P'#######
....###......##..#..Z......#
##.####......##..#ZZ.......#
####
#........##@#.........## #
##.......##.oZ........P# #
#.##'P.P#####.........##
####...## ###'##PP###
###..## #.##### ##.P## #..*
####...# #..# ####P####'##
*?+#*** #..........##
*,,,,,*


You could see Nergalle, a spectral orc warrior and a blink frog.

Vanquished Creatures
  Erolcha (D:8)
  A hydra (Lair:1)
  Urug (Lair:1)
  An orc sorcerer (Volcano)
  An elephant (D:9)
  Joseph (Lair:1)
  A centaur zombie (D:9)
  A molten gargoyle (Volcano)
  A spiny frog (Lair:1)
  The ghost of murphy the Ducker, a novice HESk of Okawaru (D:4)
  Eustachio (D:5)
  A hippogriff (D:7)
  A hungry ghost (D:7)
  2 water moccasins
  Duvessa (D:4)
  6 orc warriors
  2 ice beasts
  2 black bears (D:8)
  2 sky beasts
  2 phantoms (D:8)
  6 ogres
  4 wolves (Lair:2)
  2 big kobolds (D:8)
  2 crocodiles (Lair:1)
  8 giant frogs
  Dowan (D:4)
  A scorpion (D:7)
  A wyvern skeleton (D:9)
  5 killer bees (D:8)
  2 howler monkeys
  5 crimson imps
  A giant frog zombie (D:7)
  4 jellies
  6 orc priests
  2 hounds (D:4)
  A centaur skeleton (D:4)
  Crazy Yiuf (D:3)
  A giant frog skeleton (D:5)
  3 iguanas
  15 orc wizards
  8 worker ants
  A statue (D:9)
  9 sheep
  A howler monkey zombie (D:5)
  2 howler monkey skeletons
  8 adders
  3 shadow imps
  2 oozes
  An adder zombie (D:8)
  5 worms
  A dart slug (D:1)
  4 giant geckos
  24 orcs
  7 bats
  9 giant cockroaches
  4 goblins
  3 hobgoblins
  7 jackals
  2 quokkas
  2 ball pythons
  A giant gecko zombie (D:5)
  4 giant newts
  11 kobolds
  2 quokka skeletons
  3 rats (D:1)
225 creatures vanquished.

Notes
Turn   | Place    | Note
-------+----------+-------------------------------------------
     0 | D:1      | Lessnames the Demigod Fighter began the quest for the Orb.
     0 | D:1      | Reached XP level 1. HP: 18/18 MP: 3/3
   270 | D:1      | Reached XP level 2. HP: 23/25 MP: 4/4
   708 | D:2      | Found a glowing silver altar of Zin.
   795 | D:2      | Reached XP level 3. HP: 24/30 MP: 5/5
   901 | D:2      | Found an iron altar of Okawaru.
  1390 | D:2      | Found an oddly glowing altar of Pakellas.
  1769 | D:3      | Reached skill level 1 in Maces & Flails
  1790 | D:3      | Reached XP level 4. HP: 38/38 MP: 6/6
  2116 | D:3      | Found a runed door.
  2268 | D:3      | You fall through a shaft!
  2576 | D:3      | Noticed Crazy Yiuf
  2577 | D:3      | Killed Crazy Yiuf
  2625 | D:4      | Reached skill level 2 in Maces & Flails
  2633 | D:4      | Found Gus Nac's Armour Boutique.
  2694 | D:4      | Reached XP level 5. HP: 22/46 MP: 7/7
  2915 | D:4      | Noticed murphy's ghost (novice HESk)
  3367 | D:4      | Killed murphy's ghost
  3367 | D:4      | Reached skill level 5 in Fighting
  3367 | D:4      | Reached skill level 3 in Maces & Flails
  3367 | D:4      | Reached XP level 6. HP: 29/57 MP: 8/8
  4045 | D:4      | Noticed Duvessa
  4081 | D:4      | Killed Duvessa
  4081 | D:4      | Reached skill level 4 in Maces & Flails
  4081 | D:4      | Reached XP level 7. HP: 44/62 MP: 9/9
  4105 | D:4      | Noticed Dowan
  4400 | D:4      | Killed Dowan
  4604 | D:5      | Entered Level 5 of the Dungeon
  4703 | D:5      | Reached skill level 5 in Maces & Flails
  4720 | D:5      | Found a stormy altar of Qazlal.
  4763 | D:5      | Found an ancient bone altar of Kikubaaqudgha.
  4958 | D:5      | Found a white marble altar of Elyvilon.
  4968 | D:5      | Reached skill level 6 in Maces & Flails
  5173 | D:5      | Reached XP level 8. HP: 59/70 MP: 10/10
  5571 | D:5      | Noticed Eustachio
  5722 | D:5      | Killed Eustachio
  5722 | D:5      | Reached skill level 7 in Maces & Flails
  5924 | D:6      | Found a glowing golden altar of the Shining One.
  6083 | D:6      | Found a hide-covered altar of Uskayaw.
  6091 | D:6      | Got a shimmering flail
  6095 | D:6      | Identified the +9 flail of Armageddon {vamp, +Inv +Fly rPois MR-} (You found it on level 6 of the Dungeon)
  6270 | D:6      | Reached skill level 8 in Maces & Flails
  6371 | D:6      | Found a snail-covered altar of Cheibriados.
  6589 | D:6      | Found a blossoming altar of Fedhas.
  7113 | D:7      | Reached skill level 9 in Maces & Flails
  7113 | D:7      | Reached XP level 9. HP: 79/79 MP: 11/11
  7148 | D:7      | Found a staircase to the Ecumenical Temple.
  7718 | D:8      | Found a hazy altar of Hepliaklqana.
  8020 | D:8      | Reached skill level 10 in Maces & Flails
  8064 | D:8      | Found a bloodstained altar of Trog.
  8199 | D:8      | Found a deep blue altar of Sif Muna.
  8780 | D:9      | Found a staircase to the Lair.
  8780 | D:9      | Noticed an elephant
  8780 | D:9      | Noticed Erolcha
  8790 | D:8      | Killed Erolcha
  8790 | D:8      | Reached skill level 11 in Maces & Flails
  8790 | D:8      | Reached XP level 10. HP: 73/88 MP: 13/13
  8854 | D:9      | Gained mutation: You are weak. (Str -2) [mutagenic meat]
  8857 | D:9      | Gained mutation: You can translocate small distances at will. [mutagenic meat]
  8860 | D:9      | Gained mutation: Your mind is acute. (Int +2) [mutagenic meat]
  8863 | D:9      | Gained mutation: You tend to lose your temper in combat. [mutagenic meat]
  8866 | D:9      | Gained mutation: You have a somewhat thin skeletal structure. (Dex +2, Stealth) [mutagenic meat]
  8882 | D:9      | Found Inaedaewoa's Book Emporium.
  8962 | D:9      | Found a radiant altar of Vehumet.
  9195 | D:9      | Killed an elephant
  9434 | Lair:1   | Entered Level 1 of the Lair of Beasts
  9434 | Lair:1   | Noticed Joseph
  9434 | Lair:1   | Noticed a seven-headed hydra
  9442 | Lair:1   | Killed a seven-headed hydra
  9449 | Lair:1   | Killed Joseph
  9449 | Lair:1   | Reached skill level 12 in Maces & Flails
  9471 | Lair:1   | Noticed Urug
  9482 | Lair:1   | Killed Urug
  9547 | Lair:1   | Found a dark tunnel.
  9584 | Volcano  | Entered a volcano
  9647 | Volcano  | Found a bloodstained altar of Trog.
  9647 | Volcano  | Noticed an orc sorcerer
  9647 | Volcano  | Paralysed by an orc sorcerer for 3 turns
  9663 | Volcano  | Killed an orc sorcerer
  9670 | Volcano  | HP: 3/91 [orc warrior/trident of flaming (3)]
  9959 | Volcano  | Reached XP level 11. HP: 70/97 MP: 14/14
 10362 | Lair:1   | Noticed Nergalle
 10608 | Lair:1   | Killed from afar by Nergalle

Vault maps used:
D:1:      dpeg_arrival_arbitrary_a, kennysheep_decorative_pillar
D:2:      okawaru_gym_becter, overflow_temple_1_default, grunt_pakellas_basics
D:3:      first_bread, uniq_crazy_yiuf_cottage
D:4:      serial_shops, nicolae_shop_stone, uniq_duvessa
D:5:      lemuel_round_altar, lemuel_doored_altar, basic_altar, uniq_eustachio
D:6:      lemuel_round_altar, eat_drink_and_be_merry_uskayaw, kennysheep_mini,
          fedhas_altar_3
D:7:      grunt_ogre_cave
D:8:      marbit_many_paths, led_sif_book, trog_ov_bears_minmay
D:9:      vehumet_statue, david_lair_generic, serial_shops, shop, uniq_erolcha
Lair:1:   enter_volcano_2, uniq_nergalle, uniq_joseph, uniq_harold, uniq_urug
Lair:2:   elwin_shoals_entry_rooms
Volcano:  volcano_lake

Skill      XL: |  1  2  3  4  5  6  7  8  9 10 |
---------------+-------------------------------+-----
Polearms       | 2 3 |  3.0
Fighting       | 3 4 5 7 8 9 |  9.4
Maces & Flails | 1 2 3 4 6 9 11 12 | 12.6
Shields        | 3 4 |  4.5
Armour         | |  2.6

Action                   |  1- 3 |  4- 6 |  7- 9 | 10-12 || total
-------------------------+-------+-------+-------+-------++-------
Melee: Trident           |   131 |   164 |       |       ||   295
       Morningstar       |       |    15 |   188 |       ||   203
       Flail             |       |       |   252 |   180 ||   432
Throw: Tomahawk          |       |     4 |     1 |       ||     5
Evoke: Wand              |       |     2 |     2 |    10 ||    14
  Use: Scroll            |       |     3 |     3 |    13 ||    19
       Potion            |       |       |       |     7 ||     7
 Stab: Sleeping          |       |       |       |     1 ||     1
  Eat: Chunk             |     3 |     7 |    17 |    11 ||    38
       Fruit             |       |     1 |       |       ||     1
       Beef jerky        |       |       |     2 |       ||     2
       Pizza             |       |       |     1 |       ||     1
       Royal jelly       |       |       |       |     1 ||     1
Armor: Scale mail        |    18 |       |       |       ||    18
       Chain mail        |    21 |    83 |   302 |       ||   406
       Plate armour      |       |       |       |    32 ||    32
       Ring mail         |       |       |       |    31 ||    31
Dodge: Dodged            |    22 |    32 |   116 |    40 ||   210
Block: Shield            |    47 |    65 |   203 |   104 ||   419
